Map: Para Site LE

Players

Harstem

  • Race: Protoss Protoss
  • League: Grandmaster
  • Spawn Location: 5:00

liquidthermy (uThermal) - Winner!

  • Race: Terran Terran
  • League: Master
  • Spawn Location: 11:00

Event: DSCL Nationals 2018 - Finals

VOD

Have the link to the VOD?

Description

Time

  • Played on: Dec. 1, 2018, 12:29 p.m.
  • Length: 13:11

All games in this series

Show
View Real Time Build Order
Export as new Build Order

Harstem Protoss 

Build Orders: 1 Gate Expand 

Get SALT Encoding   

  12  0:00  Probe  
  13  0:12  Probe  
  14  0:19  Pylon  
  14  0:24  Probe  
  15  0:33  Probe  
  15  0:38  Gateway  
  15  0:41  Probe  
  16  0:47  Assimilator  
  17  0:52  Probe  
  18  1:04  Probe  
  19  1:17  Nexus  
  19  1:20  Probe  
  20  1:32  Cybernetics Core  
  21  1:35  Assimilator  
  20  1:41  Pylon  
  20  1:43  Probe  
  21  1:48  Zealot  
  23  1:59  Probe  
  24  2:02  Warp Gate  
  24  2:07  Adept  
  24  2:11  Probe  
  27  2:23  Probe  
  28  2:31  Robotics Facility  
  28  2:35  Probe  
  28  2:48  Gateway  
  28  2:50  Gateway  
  28  2:51  Stalker  
  30  3:14  Warp Prism  
  30  3:21  Pylon  
  30  3:22  Pylon  
  31  3:40  Immortal  
  35  3:59  Nexus  
  35  4:09  Stalker  
  37  4:12  Zealot  
  37  4:16  Probe  
  31  4:30  Probe  
  32  4:42  Probe  
  33  4:54  Probe  
  33  4:55  Observer  
  35  5:05  Sentry  
  35  5:06  Probe, Adept x2  
  42  5:13  Probe  
  42  5:18  Probe  
  43  5:22  Probe, Phoenix  
  43  5:26  Probe  
  44  5:30  Probe  
  44  5:34  Probe  
  44  5:35  Adept  
  48  5:36  Observer  
  48  5:39  Probe  
  52  5:56  Stalker  
  52  5:57  Stalker  
  55  6:04  Probe  
  55  6:05  Probe  
  57  6:13  Probe  
  57  6:14  Probe  
  57  6:22  Probe x2  
  57  6:31  Probe x2  
  59  6:43  Probe  
  59  6:46  Robotics Bay  
  59  6:47  Stalker  
  59  6:48  Stalker  
  60  6:56  Probe  
  60  6:57  Probe  
  61  7:08  Probe  
  61  7:13  Pylon  
  62  7:16  Pylon  
  62  7:18  Probe  
  61  7:23  Disruptor  
  61  7:24  Probe  
  62  7:30  Probe  
  62  7:32  Probe  
  66  7:40  Probe  
  66  7:43  Probe  
  68  7:47  Zealot  
  68  7:50  Probe  
  70  7:55  Probe  
  72  8:01  Disruptor  
  72  8:02  Probe  
  76  8:09  Assimilator, Pylon  
  76  8:12  Probe, Forge, Twilight Council, Assimilator  
  77  8:19  Probe  
  78  8:34  Stalker x3  
  78  8:40  Blink  
  80  8:42  Probe  
  80  8:48  Probe  
  82  8:50  Pylon  
  82  8:51  Protoss Ground Weapons Level 1  
  82  8:54  Probe  
  83  9:00  Probe, Nexus  
  83  9:02  Pylon  
  84  9:10  Probe  
  83  9:20  Probe  
  83  9:21  Disruptor  
  87  9:24  Probe  
  88  9:32  Probe  
  88  9:35  Pylon  
  88  9:37  Stalker x3  
  93  9:54  Disruptor  
  93  10:00  Stalker x3  
  102  10:08  Photon Cannon  
  102  10:09  Shield Battery  
  102  10:10  Pylon  
  102  10:13  Probe x2, Pylon  
  104  10:26  Stalker x3  
  110  10:31  Disruptor  
  113  10:37  Gateway  
  113  10:39  Gateway  
  113  10:49  Stalker x3  
  115  11:02  Dark Shrine  
  116  11:05  Gateway  
  116  11:07  Gateway  
  115  11:17  Nexus  
  115  11:20  Disruptor  
  118  11:27  Stalker x3  
  123  11:39  Stalker x2  
  113  11:56  Probe, Disruptor  
  113  11:57  Probe  
  118  12:08  Zealot x7  
  96  12:19  Probe x2  
  79  12:24  Stalker x4  
  79  12:27  Probe  
  79  12:29  Probe  
  88  12:30  Assimilator  
  88  12:31  Probe x2  
  88  12:32  Assimilator  
  88  12:35  Probe  
  90  12:37  Zealot x2  
  90  12:38  Zealot  
  78  12:45  Probe  
  78  12:46  Probe  
  69  12:51  Dark Templar  
  69  12:52  Zealot x3  
  69  12:58  Probe  
Show
View Real Time Build Order
Export as new Build Order

liquidthermy Terran - Winner!

Build Orders:  

Get SALT Encoding   

  12  0:02  SCV  
  14  0:14  SCV  
  14  0:18  Supply Depot  
  14  0:26  SCV  
  15  0:39  Barracks  
  15  0:42  Refinery  
  15  0:47  SCV  
  16  0:59  SCV  
  16  1:00  Refinery  
  17  1:11  SCV  
  18  1:26  Barracks Tech Lab  
  18  1:27  Orbital Command  
  18  1:36  Supply Depot  
  18  1:44  Concussive Shells  
  18  1:45  Marauder  
  20  1:54  Bunker  
  20  1:56  SCV  
  21  2:06  Marauder  
  23  2:14  Factory  
  23  2:17  SCV  
  24  2:27  Marauder  
  24  2:29  SCV  
  27  2:36  Supply Depot  
  27  2:41  SCV  
  28  2:51  Marauder  
  30  2:53  SCV  
  31  2:58  Starport, Factory Tech Lab  
  31  3:06  SCV  
  32  3:18  Cyclone, SCV  
  36  3:23  Barracks  
  36  3:37  Viking  
  36  3:40  Supply Depot  
  38  4:01  Siege Tank  
  41  4:09  Liberator  
  41  4:16  Marine  
  36  4:29  Bunker  
  37  4:31  Command Center  
  37  4:33  Marine  
  38  4:43  Marine  
  38  4:44  Cyclone  
  41  4:49  Supply Depot  
  41  4:51  Marine  
  41  5:01  Marine, Bunker  
  41  5:02  Engineering Bay  
  42  5:13  Viking  
  43  5:18  Marine  
  44  5:23  Marine  
  44  5:36  Marine, Missile Turret  
  44  5:41  Marine  
  47  5:43  Orbital Command  
  47  5:48  Mag-Field Accelerator  
  47  5:50  Cyclone  
  47  5:54  Marine  
  49  6:02  Marine, SCV  
  51  6:08  Medivac  
  53  6:13  Orbital Command  
  52  6:18  SCV  
  52  6:20  Marine  
  53  6:30  SCV  
  52  6:40  Barracks x2  
  52  6:43  Cyclone, SCV x2  
  57  6:52  Barracks Tech Lab  
  57  6:55  SCV x2  
  57  7:00  Terran Infantry Weapons Level 1  
  56  7:07  SCV  
  56  7:08  Bunker, SCV  
  58  7:10  Marine  
  59  7:19  SCV  
  59  7:21  Cyclone  
  60  7:25  SCV  
  60  7:27  Supply Depot, Refinery  
  61  7:30  Marine  
  61  7:31  SCV  
  61  7:33  Marine x2  
  61  7:36  Stimpack  
  65  7:38  SCV  
  65  7:40  Supply Depot  
  65  7:43  SCV  
  67  7:48  Marine  
  68  7:54  Marine x2  
  70  8:00  Barracks, Siege Tank  
  70  8:01  SCV  
  70  8:02  Barracks  
  70  8:04  SCV  
  75  8:09  Missile Turret  
  76  8:13  SCV  
  76  8:16  Supply Depot  
  78  8:21  Marine, Barracks Reactor x2  
  78  8:22  SCV  
  78  8:32  Siege Tank  
  78  8:33  SCV  
  82  8:39  Marine  
  83  8:46  Missile Turret  
  83  8:51  Barracks Reactor  
  83  8:52  Barracks Reactor  
  83  8:54  Refinery, SCV x2  
  85  8:57  Marine  
  85  9:00  Marine x2  
  85  9:02  Starport Reactor, Marine  
  89  9:05  Supply Depot  
  89  9:07  Supply Depot  
  89  9:09  Siege Tank  
  92  9:11  Marine  
  93  9:22  Marine  
  93  9:23  Supply Depot  
  94  9:27  Marine  
  94  9:28  Marine x2  
  94  9:29  Marine  
  98  9:33  Marine x2  
  98  9:37  Combat Shield  
  100  9:41  Siege Tank  
  100  9:42  Marine  
  100  9:45  Medivac  
  106  9:46  Supply Depot  
  106  9:50  Medivac  
  106  9:51  Marine  
  106  9:52  Marine x2  
  111  9:55  Marine x2  
  111  9:59  Marine  
  111  10:07  Marine x2  
  111  10:10  Supply Depot, Terran Infantry Armor Level 1  
  111  10:11  Marine x2  
  115  10:14  Siege Tank  
  115  10:18  Marine  
  115  10:21  Marine  
  119  10:23  Supply Depot  
  119  10:24  Medivac  
  122  10:33  Medivac  
  124  10:46  Marine, Command Center  
  124  10:49  Marine x2  
  126  10:55  Marine  
  128  10:58  Siege Tank  
  128  11:00  Marine  
  132  11:05  Marine  
  133  11:12  Marine  
  133  11:13  Supply Depot  
  133  11:14  Medivac  
  133  11:27  Marine  
  133  11:28  Marine  
  133  11:29  Supply Depot  
  135  11:34  Marine  
  135  11:35  Marine  
  135  11:38  Marine  
  137  11:40  Marine, Siege Tank  
  137  11:46  Marine  
  136  11:55  Marine  
  136  11:58  Medivac x2  
  124  12:17  Marine x3  
  124  12:18  Marine, Siege Tank  
  124  12:19  Marine  
  124  12:21  Marine x2  
  124  12:22  Marine  
  126  12:28  Medivac  
  126  12:31  Orbital Command  
  126  12:36  Marine x2  
  127  12:38  Marine  
  125  12:49  Marine x2  
  125  12:50  Marine  
Tags
 
Add a new tag
Caveats
  • Supply blocks, unpowered buildings, or Contaminate may cause inaccurate times.
  • Supply counts are checked every 10 seconds.